 Dungeon Crawl Stone Soup version 0.23-a0-703-gdf2d5e0 (console) character file.

67 Duffy the Firebug (level 4, 30/33 HPs)
             Began as a Demonspawn Fire Elementalist on Jan 13, 2019.
             Quit the game on level 2 of the Dungeon.
             The game lasted 00:01:17 (1410 turns).

Duffy the Firebug (Demonspawn Fire Elementalist)    Turns: 1410, Time: 00:01:17

Health: 30/33      AC:  5    Str:  8    XL:     4   Next: 0%
Magic:  7/7        EV: 11    Int: 17    God:
Gold:   120        SH:  0    Dex: 14    Spells: 3/7 levels left

rFire    . . .     SeeInvis .   f - +3 dagger (elec)
rCold    . . .     Gourm    .   (no shield)
rNeg     . . .     Faith    .   k - +0 leather armour
rPois    .         Spirit   +   i - -1 helmet (curse)
rElec    .         Reflect  .   (no cloak)
rCorr    .         Harm     .   (no gloves)
MR       .....                  (no boots)
Stlth    ++........             (no amulet)
HPRegen  0.11/turn              (no ring)
MPRegen  0.10/turn              (no ring)

@: no status effects
A: iridescent scales 1, powered by death 1, magic shield
a: no special abilities


You were on level 2 of the Dungeon.
You were not hungry.

You visited 1 branch of the dungeon, and saw 2 of its levels.

You collected 120 gold pieces.

Inventory:

Hand Weapons
 f - a +3 dagger of electrocution (weapon)
Armour
 i - a cursed -1 helmet (worn)
 k - a +0 leather armour (worn)
Scrolls
 e - 2 scrolls of teleportation
 h - 2 scrolls of identify {unknown}
 j - a scroll of remove curse {unknown}
Potions
 g - 2 potions of degeneration {unknown}
Comestibles
 c - 4 rations
 d - a chunk of flesh


   Skills:
 + Level 2.0 Fighting
 + Level 1.8 Short Blades
 - Level 1.7 Dodging
 - Level 1.7 Stealth
 - Level 2.0 Spellcasting
 - Level 2.1 Conjurations
 - Level 2.6 Fire Magic


You had 3 spell levels left.
You knew the following spells:

 Your Spells              Type           Power        Failure   Level  Hunger
h - Flame Tongue          Conj/Fire      #....        11%         1    #......
l - Conjure Flame         Conj/Fire      #.......     30%         3    ###....

Your spell library contained the following spells:

 Spells                   Type           Power        Failure   Level  Hunger
 Throw Flame              Conj/Fire      #.....       16%         2    ###....
 Inner Flame              Hex/Fire       #.......     43%         3    ###....
 Sticky Flame             Conj/Fire      #.......     71%         4    #####..
 Fireball                 Conj/Fire      #.........   96%         5    ######.


Dungeon Overview and Level Annotations

Branches:
Dungeon (2/15)

Altars:

Annotations:
D:2 exclusions: 2 rats and 1 more exclusion, Sigmund


Innate Abilities, Weirdness & Mutations

You are partially covered in iridescent scales. (AC +2)
You regenerate a little health from kills.
When hurt, damage is shared between your health and your magic reserves.


Message History

The shadow imp closely misses you.
You hit the shadow imp but do no damage.
The shadow imp is moderately wounded.
The shadow imp misses you.
You hit the shadow imp but do no damage.
The shadow imp is moderately wounded.
The shadow imp hits you but does no damage.
You hit the shadow imp.
Lightning courses through the shadow imp!
You kill the shadow imp!
You barely miss Natasha. Natasha barely misses you.
You hit Natasha. Lightning courses through Natasha!
You kill Natasha!
Natasha yowls pathetically as she dies!
The crimson imp disappears in a puff of smoke!
Your Fighting skill increases to level 2!
You have reached level 4!
You feel agile.
Your demonic ancestry asserts itself...
You feel your magical essence form a protective shroud around your flesh.
Are you sure you want to abandon this character and quit the game? (Confirm with "yes".)

########.
........ ..
.#....####.#
# ###........
.. #..~.~..#
...
##...}...#
....
....~~~.##
####..$..
###.....#
#..0..... #
###.)## ##@#
##.# #$.# #.#
#####.##
#.#####.....#
#.......#####
.# ##......#
.. #.....##
## ...#....#
####....#


There were no monsters in sight!

Vanquished Creatures
  Natasha (twice) (D:2)
  A worm (D:2)
  2 goblins (D:1)
  2 hobgoblins (D:1)
  A bat (D:1)
  5 frilled lizards
  3 kobolds (D:1)
  4 rats (D:1)
20 creatures vanquished.

Notes
Turn   | Place    | Note
-------+----------+-------------------------------------------
     0 | D:1      | Duffy the Demonspawn Fire Elementalist began the quest for
                  | the Orb.
     0 | D:1      | Reached XP level 1. HP: 13/13 MP: 3/3
   635 | D:1      | Gained mutation: You are partially covered in iridescent
                  | scales. (AC +2) [demonic ancestry]
   635 | D:1      | Reached XP level 2. HP: 19/19 MP: 1/5
  1157 | D:2      | Noticed Natasha
  1162 | D:2      | Killed Natasha
  1162 | D:2      | Reached skill level 1 in Fighting
  1162 | D:2      | Reached skill level 1 in Short Blades
  1162 | D:2      | Gained mutation: You regenerate a little health from kills.
                  | [demonic ancestry]
  1162 | D:2      | Reached XP level 3. HP: 14/26 MP: 6/6
  1170 | D:2      | Learned a level 3 spell: Conjure Flame
  1334 | D:2      | Noticed Sigmund
  1395 | D:2      | Noticed Natasha
  1409 | D:2      | Killed Natasha
  1409 | D:2      | Gained mutation: When hurt, damage is shared between your
                  | health and your magic reserves. [demonic ancestry]
  1409 | D:2      | Reached XP level 4. HP: 30/33 MP: 7/7
  1410 | D:2      | Quit the game

Vault maps used:
D:1:      minmay_arrival_solitary_statue
D:2:      corexii_leaking_fountain, uniq_sigmund, uniq_natasha

Skill      XL: |  1  2  3 |
---------------+----------+-----
Conjurations   | 2 |  2.1
Fighting       | 1 2 |  2.0
Short Blades   | 1 |  1.8
Dodging        | |  1.7
Stealth        | |  1.7
Spellcasting   | |  2.0
Fire Magic     | |  2.6

Action                   |  1- 3 |  4- 6 || total
-------------------------+-------+-------++-------
Melee: Short sword       |     8 |       ||     8
       Dagger            |    30 |       ||    30
 Cast: Flame Tongue      |    12 |       ||    12
  Use: Scroll            |     1 |       ||     1
 Stab: Sleeping          |     2 |       ||     2
  Eat: Chunk             |     2 |       ||     2
Armor: Robe              |     4 |       ||     4
       Leather armour    |     2 |       ||     2
Dodge: Dodged            |    25 |       ||    25

Table legend:
 A = Non-vault XP
 B = Vault XP
 C = Vault XP percentage of total XP
 D = Non-vault monster count
 E = Vault monster count
 F = Vault count percentage of total count
                 A         B        C        D         E       F
            +---------+---------+-------+---------+---------+-------
      Total |      62 |      35 |  36.1 |      19 |       1 |   5.0
            +---------+---------+-------+---------+---------+-------
        D:1 |      20 |       0 |   0.0 |      15 |       0 |   0.0
        D:2 |      42 |      35 |  45.5 |       4 |       1 |  20.0
            +---------+---------+-------+---------+---------+-------
